cohdb
Replays
Latest Replays
All Replays
Popular Replays
Top Player Replays
Match Explorer
How It Works
Community
CoH3 Stats
Reddit
Sign in to upload your games and track your stats! →
Sign in with Steam
Match 45415879
Unlisted
Match 45415879
Overview
Messages
Build Orders
End
Pioneer Squad
Construct Infanterie Kompanie
Selects Terror Battlegroup
Selects Machine Gun Camouflage
Grenadier Squad
MG 42 Machine Gun Team
Grenadier Squad
MG 42 Machine Gun Team
Construct Luftwaffe Kompanie
221 Scout Car
Jäger Squad
Luftwaffe Officer Quarters
Medical Bunker
Jäger Squad
Support Elements
Wirbelwind Flakpanzer
Selects No Quarter
Wirbelwind Flakpanzer
UMirinBrah?
©Redgaarden III
0
0
Comments
sign in to comment!
No comments posted yet!